 Dungeon Crawl Stone Soup version 0.29-a0-275-g389c0b56f3 (webtiles) character file.

Game seed: 1337392964881882086

248 HotDog the Covered (level 6, -3/38 HPs)
             Began as a Gargoyle Fighter on Mar 11, 2022.
             Shot with an arrow by a centaur (7 damage)
             ... on level 8 of the Dungeon.
             The game lasted 00:02:37 (3565 turns).

HotDog the Covered (Gargoyle Fighter)               Turns: 3565, Time: 00:02:37

Health: -3/38      AC: 11    Str: 22    XL:     6   Next: 12%
Magic:  7/7        EV:  9    Int:  8    God:
Gold:   81         SH:  5    Dex:  9    Spells: 5/5 levels left

rFire   . . .      SeeInvis .   a - +0 flail
rCold   . . .      Faith    .   c - +1 buckler
rNeg    + . .      Spirit   .   b - +0 scale mail
rPois   ∞          Reflect  .   (no helmet)
rElec   +          Harm     .   (no cloak)
rCorr   .          Rampage  .   (no gloves)
Will    .....                   (no boots)
Stlth   ..........              (no amulet)
HPRegen 0.12/turn               (no ring)
MPRegen 0.10/turn               (no ring)

@: no status effects
A: sickness immunity, AC +4, negative energy resistance 1, electricity
resistance, torment resistance 1, petrification resistance
a: no special abilities


You were on level 8 of the Dungeon.
You visited 1 branch of the dungeon, and saw 6 of its levels.

You collected 81 gold pieces.

Inventory:

Hand Weapons
 a - a +0 flail (weapon)
Armour
 b - a +0 scale mail (worn)
 c - a +1 buckler (worn)
Jewellery
 k - a ring of see invisible
Scrolls
 i - a scroll of silence {unknown}
 j - 2 scrolls of amnesia
 l - a scroll of fear {unknown}
 n - a scroll of magic mapping {unknown}
 o - a scroll of acquirement {unknown}
Potions
 d - a potion of might
 f - 4 potions of curing
 h - a potion of heal wounds {unknown}
 m - 4 potions of brilliance {unknown}


   Skills:
 * Level 4.0 Fighting
 * Level 3.8 Maces & Flails
 * Level 4.3 Armour
 * Level 1.3 Dodging
 * Level 4.0 Shields
 * Level 1.8 Invocations


You had 5 spell levels left.
You didn't know any spells.
Your spell library contained the following spells:

 Spells                   Type           Power      Damage    Failure   Level
 Gell's Gravitas          Tloc           0%         N/A       99%         3
 Lesser Beckoning         Tloc           0%         N/A       99%         3
 Teleport Other           Tloc           0%         N/A       99%         3


Dungeon Overview and Level Annotations

Branches:
Dungeon (8/15)
 Temple: D:4-7         Lair: D:8-11

Altars:
Elyvilon


Innate Abilities, Weirdness & Mutations

You are immune to sickness and miasma.
Your stone body is resilient. (AC +4)
You are immune to poison.
You resist negative energy. (rN+)
You are resistant to electric shocks. (rElec)
You are resistant to unholy torment.
You are immune to petrification.


Message History

Your Fighting skill increases to level 4!
Your Shields skill increases to level 4!
You have reached level 6!
The howler monkey attacks as you move away!
The howler monkey hits you.
The howler monkey attacks as you move away!
The howler monkey hits you.
* * * LOW HITPOINT WARNING * * *
Found 23 stones.
The howler monkey hoots and howls with incredible vigour!
You hear an angry hiss.
The hound attacks as you move away! The hound barely misses you.
You block the hound's attack.
The hound pauses to sniff the ground.
The hound attacks as you move away! The hound bites you but does no damage.
The hound barely misses you. The hound attacks as you move away!
The hound bites you but does no damage. The hound attacks as you move away!
The hound bites you but does no damage. The hound barely misses you.
The howler monkey hoots and howls with incredible vigour!
The hound closely misses you. The hound bites you but does no damage.
The hound attacks as you move away!
The hound closely misses you. 2 orcs come into view.
The orc shouts! x2
The hound bites you but does no damage. The hound attacks as you move away!
The hound bites you but does no damage. x2
There is a stone staircase leading down here.
The howler monkey hoots and howls with incredible vigour!
The hound bites you.
* * * LOW HITPOINT WARNING * * *
You hear a croak.
You climb downwards.
The kobold brigand shouts!
You hear a loud, deep croak!
There is a stone staircase leading up here.
The hound bites you.
* * * LOW HITPOINT WARNING * * *
The centaur wields a +0 shortbow.
The centaur shoots an arrow.
The arrow hits you!
You die...

.... #.#..#...
....###....#...
......#........
..............#
............c.#
...............
..............K
......h@#
.......##
....... .......
....... .......
....... .##....


You could see a kobold brigand, a centaur and a hound.

Vanquished Creatures
  A bullfrog (D:4)
  A howler monkey (D:7)
  A hound (D:3)
  6 adders
  A worm (D:2)
  2 dart slugs
  2 orcs (D:3)
  6 endoplasms
  4 hobgoblins
  9 kobolds
  3 quokkas
  4 ball pythons
  8 bats
  A frilled lizard (D:1)
  2 goblins
  2 rats
53 creatures vanquished.

Vanquished Creatures (others)
  Natasha (D:4)
1 creature vanquished.

Grand Total: 54 creatures vanquished

Notes
Turn   | Place    | Note
-------+----------+-------------------------------------------
     0 | D:1      | HotDog the Gargoyle Fighter began the quest for the Orb.
     0 | D:1      | Reached XP level 1. HP: 14/14 MP: 1/1
   314 | D:1      | Reached XP level 2. HP: 10/19 MP: 2/2
   994 | D:2      | Reached XP level 3. HP: 22/23 MP: 3/3
  1436 | D:2      | Found a white marble altar of Elyvilon.
  1738 | D:2      | Reached skill level 1 in Invocations
  1892 | D:2      | Reached XP level 4. HP: 24/29 MP: 4/4
  2226 | D:3      | Reached skill level 1 in Dodging
  2523 | D:3      | Reached XP level 5. HP: 30/33 MP: 5/5
  2899 | D:3      | Found a faded altar of an unknown god.
  2906 | D:3      | HP: 1/33 [orc priest/+0 flail (5)]
  3399 | D:4      | Killed Natasha
  3495 | D:4      | You fall into a shaft and drop 3 floors!
  3545 | D:7      | Reached XP level 6. HP: 16/38 MP: 7/7
  3565 | D:8      | Shot with an arrow by a centaur

Illustrated notes

Levels and vault maps discovered:
D:1:      eino_arrival_tree_alley, layout_basic
D:2:      layout_loops_ring, basic_altar
D:3:      layout_loops_corners, hellmonk_ecumenical_altar_pennies_from_heaven
D:4:      layout_basic, grunt_temple_overflow_holy_war,
          okawaru_altar_gauntlet_db, nicolae_dithmenos_through_a_glass_darkly,
          serial_shops, shop_fountains, kennysheep_generic_room_4, uniq_natasha
D:7:      layout_basic, minmay_temple_entry_large_hall,
          kennysheep_generic_room_3, uniq_menkaure
D:8:      layout_cave_pools, minivault_25, kennysheep_island_fort

Skill      XL: |  1  2  3  4  5 |
---------------+----------------+-----
Invocations    | 1 |  1.8
Maces & Flails | 3 |  3.8
Armour         | 4 |  4.3
Dodging        | 1 |  1.3
Fighting       | 4 |  4.0
Shields        | 4 |  4.0

Action                   |  1- 3 |  4- 6 || total
-------------------------+-------+-------++-------
Melee: Flail             |   135 |   106 ||   241
  Use: Scroll            |     4 |     2 ||     6
Armor: Scale mail        |   100 |    74 ||   174
Dodge: Dodged            |    77 |    62 ||   139
Block: Buckler           |    33 |    28 ||    61

Table legend: (Time is in decaauts)
 A = Elapsed time spent in this place.
 B = Non-inter-level travel time spent in this place.
 C = Inter-level travel time spent in this place.
 D = Time resting spent in this place.
 E = Time spent auto-exploring this place.
 F = Levels seen in this place.
 G = Mean time per level.
                   A        B        C        D        E       F      G
               +--------+--------+--------+--------+--------+-----+--------+
         Total |   3638 |   3582 |     56 |    691 |   2302 |   6 |  606.3 |
       Dungeon |   3638 |   3582 |     56 |    691 |   2302 |   6 |  606.3 |
               +--------+--------+--------+--------+--------+-----+--------+

Top non-repeatable levels by time:
     D:3: 1261 daAuts
     D:2: 1240 daAuts
     D:1: 962 daAuts
     D:4: 99 daAuts
     D:7: 73 daAuts
     D:8: 0 daAuts
